Cogmind - Beta 16 --- EXPLORER MODE // 2025.11.14 @ 10:21:33 Player: K.K.Y. Result: Destroyed by 5Q-9BH(R) with Subdweller Beam Cannon Performance ------------- Evolutions (0) 0 Regions Visited (2) 400 Robots Destroyed (18) 90 Value Destroyed (479) 479 Prototype IDs (2) 40 Alien Tech Used (0) 0 Bonus (0) 0 TOTAL SCORE: 1009 Bonus ------- None Cogmind --------- Core Integrity 0/250 Matter 300/300 Energy 100/100 System Corruption 0% Temperature Cool (9) Movement Core (200) Ox3 Location -10/Subcaves Parts ------- > --- POWER (1) -------- (None) > --- PROPULSION (3) --- (None) > --- UTILITY (2) ------ Medium Storage Unit Targeting Computer > --- WEAPON (2) ------- Hammer > --- INVENTORY (10) --- Ion Engine Light Treads Small Storage Unit Cargo Storage Unit Structural Scanner Light Armor Plating Makeshift Shrapnel Gun Dirty Datajack (20) Mining Laser Peak State ------------ > --- POWER ------------ Light Ion Engine > --- PROPULSION ------- Light Treads Light Treads Light Treads > --- UTILITY ---------- Medium Storage Unit Targeting Computer > --- WEAPON ----------- Light Assault Rifle Dirty Datajack > --- INVENTORY -------- Ion Engine Light Treads Light Treads Small Storage Unit Cargo Storage Unit Structural Scanner Light Armor Plating Mining Laser Hammer [Rating: 14] Favorites ----------- Power Light Ion Engine Engine Light Ion Engine Propulsion Light Treads Treads Light Treads Utility Targeting Computer Storage Medium Storage Unit Processor Targeting Computer Weapon Light Assault Rifle Energy Gun EM Pulse Gun Ballistic Gun Light Assault Rifle Impact Weapon Hammer Special Melee Weapon Dirty Datajack Build | -11 -10 -10 ------- Run | Yrd Mat Sub Slots Evolved 1 | . 1 . Power . | . . . Propulsion 1 | . 1 . Utility . | . . . Weapon . | . . . Parts Attached 13 | 7 3 3 Power 1 | 1 . . Engine 1 | 1 . . Core . | . . . Reactor . | . . . Propulsion 5 | 2 1 2 Treads 5 | 2 1 2 Leg . | . . . Wheel . | . . . Hover . | . . . Flight . | . . . Utility 3 | 2 1 . Device . | . . . Storage 1 | . 1 . Processor 2 | 2 . . Hackware . | . . . Protection . | . . . Artifact . | . . . Weapon 4 | 2 1 1 Energy Gun 1 | 1 . . Energy Cannon . | . . . Ballistic Gun 1 | 1 . . Ballistic Cannon . | . . . Launcher . | . . . Special Weapon . | . . . Impact Weapon 1 | . . 1 Slashing Weapon . | . . . Piercing Weapon . | . . . Special Melee Weapon 1 | . 1 . Unidentified Prototypes . | . . . Parts Lost 7 | . 1 6 Power 1 | . . 1 Propulsion 4 | . . 4 Utility . | . . . Weapon 2 | . 1 1 Highest Loss Streak 2 | . 1 2 To Critical Strikes . | . . . Average Backups 7 | 2 6 8 Power . | . . 1 Propulsion 1 | 1 1 1 Utility 3 | 1 2 4 Weapon 1 | . 1 1 Tool/Special . | . . . Unused Backups 7 | . . 7 Power 1 | . . 1 Propulsion . | . . . Utility 4 | . . 4 Weapon 2 | . . 2 Tool/Special . | . . . Average Slot Usage (%) 86 | . 97 65 Engine 7 | . 12 . Treads 32 | . 35 27 Storage 10 | . 9 12 Processor 13 | . 14 12 Energy Gun 6 | . 9 . Ballistic Gun 8 | . 12 . Impact Weapon 4 | . . 11 Peak Build Rating 14 | 7 14 14 Average Rating 7 | 3 8 6 On Entrance 7 | . 7 14 Avg Prop Armor Cover (%) . | . . . Naked Turns . | . . . Heaviest Build 16 | 6 16 16 Greatest Support 60 | 40 60 60 Greatest Overweight (x) 3 | . . 3 Average Overweight (x) . | . . . Largest Inventory Capacity 10 | 5 10 10 Average Capacity 9 | 5 9 10 Most Carried 10 | 5 10 10 Average Carried 7 | 2 7 9 Final Capacity 10 | 5 10 10 Final Carried 10 | 2 10 10 Class Distribution -------------------- 100% | Hacker-Mutant Dominant Class ---------------- Hacker-Mutant | -10/Materials Hacker-Mutant | -10/Subcaves Resources | -11 -10 -10 ----------- Run | Yrd Mat Sub Matter Collected 360 | 208 132 20 Remotely . | . . . Salvage Created 602 | . 418 184 Parts 36 | . 28 8 Haulers Intercepted 1 | . 1 . Recyclers Shooed . | . . . Parts Field Recycled . | . . . Retrieved Matter . | . . . Parts Self-Destructed . | . . . Prevented . | . . . Parts Restored . | . . . Kills | -11 -10 -10 ------- Run | Yrd Mat Sub Combat Hostiles Destroyed 14 | . 9 5 Melee 1 | . . 1 Guns 9 | . 9 . Classes Destroyed 5 | . 5 . Hauler 1 | . 1 . Watcher 3 | . 3 . Swarmer 4 | . 4 . Grunt 4 | . 4 . Subdweller 6 | . 1 5 Best Kill Streak 2 | . 2 2 Combat Bots Only 3 | . 2 3 Max Kills in Single Turn 1 | . 1 1 Gunslinging . | . . . Exploded . | . . . Melee 1 | . . 1 Uniques/NPCs Destroyed . | . . . Combat | -11 -10 -10 -------- Run | Yrd Mat Sub Hostile Shots Fired 132 | . 42 90 Missed 44 | . 17 27 Hits 88 | . 25 63 Projectile 88 | . 25 63 Critical Strikes 1 | . . 1 Damage Taken 1108 | . 237 871 Core 253 | . 23 230 Absorbed by Shields . | . . . Ignored by Resistances 662 | . 149 513 Core Remaining (%) 100 | 100 . . Volleys Fired 44 | . 40 4 Largest 2 | . 2 1 Hottest 60 | . 60 20 Shots Fired 77 | . 73 4 Gun 77 | . 73 4 Cannon . | . . . Launcher . | . . . Special . | . . . Kinetic 44 | . 40 4 Thermal . | . . . Explosive . | . . . Electromagnetic 33 | . 33 . Robot Hit Streak 23 | . 23 14 Robot Miss Streak 1 | . 1 . Penetration Max . | . . . Secondary Targets . | . . . Shots Hit Robots 101 | . 60 41 Core Hits 30 | . 27 3 Critical Kills . | . . . Critical Parts Destroyed 5 | . . 5 Critical Strikes 8 | . . 8 Smash 8 | . . 8 Melee Attacks 60 | . . 60 Impact 60 | . . 60 Slashing . | . . . Piercing . | . . . Sneak Attacks . | . . . Combat Hostiles . | . . . Follow-up Attacks . | . . . Damage Inflicted 1491 | . 686 805 Guns 656 | . 656 . Cannons . | . . . Explosions 25 | . 25 . Melee 805 | . . 805 Ramming 5 | . 5 . Kinetic 260 | . 260 . Thermal 25 | . 25 . Explosive . | . . . Electromagnetic 396 | . 396 . Impact 805 | . . 805 Slashing . | . . . Piercing . | . . . Highest Corruption . | . . . Average Corruption . | . . . Corruption Purged . | . . . Corruption Blocked . | . . . Overload Shots . | . . . Overflow Damage 139 | . . 139 Projectiles . | . . . Explosions . | . . . Melee 139 | . . 139 Knockbacks 5 | . . 5 Impact 5 | . . 5 Kinetic . | . . . Secondary . | . . . Self-Inflicted Damage . | . . . Shots . | . . . Rammed 1 | . 1 . Targets Rammed 1 | . 1 . Kicked . | . . . Crushed . | . . . Highest Temperature 89 | . 89 . Average Temperature 33 | . 33 . Received Heat Transfer 414 | . 120 294 Siege Activations . | . . . Martial Activations . | . . . Shielding Activations . | . . . Robots Disrupted . | . . . Combat Hostiles . | . . . Robots Corrupted 4 | . . 4 Combat Hostiles 4 | . . 4 Parts Fried 3 | . . 3 Impact Corruptions 7 | . . 7 Robots Melted . | . . . Combat Hostiles . | . . . Parts Melted 2 | . 2 . Heat Transferred 100 | . 100 . Parts Sabotaged . | . . . Parts Stolen . | . . . Parts Stripped . | . . . Power Chain Reactions 1 | . 1 . Alert | -11 -10 -10 ------- Run | Yrd Mat Sub Maximum Alert Level . | . . . Low Security (%) 100 | 100 100 . Level 1 . | . . . Level 2 . | . . . Level 3 . | . . . Level 4 . | . . . Level 5 . | . . . High Security . | . . . Max Security . | . . . Peak Influence 50 | . 50 . Initial . | . . . Average 3 | . 4 . Influence Increases 241 | . 241 . Destroy 0b10 Robot/C 160 | . 160 . Destroy 0b10 Robot/NC 20 | . 20 . Destroy Leader 48 | . 48 . Successful Hack 9 | . 9 . Destroy Structure 4 | . 4 . Influence Decreases 241 | . 241 . Time Decay 241 | . 241 . Squads Dispatched 1 | . 1 . Investigation 1 | . 1 . Extermination . | . . . Reinforcement . | . . . Assault . | . . . Garrison . | . . . Intercept . | . . . Searches Triggered . | . . . Construction Impeded . | . . . Haulers Reinforced . | . . . Active Scanning Responses . | . . . Cargo Convoy Interrupts . | . . . Stealth | -11 -10 -10 --------- Run | Yrd Mat Sub Distress Signals . | . . . Communications Jammed . | . . . Distress Signals . | . . . Times Spotted 19 | . 13 6 Peak Tracking Total 2 | . 2 2 Tactical Retreats . | . . . Traps | -11 -10 -10 ------- Run | Yrd Mat Sub Traps Triggered 1 | . 1 . Indirectly . | . . . Trap Hack Attempts . | . . . Triggered . | . . . Disarmed . | . . . Reprogrammed . | . . . Reused . | . . . Traps Extracted . | . . . Installed . | . . . Triggered . | . . . Machines | -11 -10 -10 ---------- Run | Yrd Mat Sub Machines Disabled . | . . . Max in Single Turn . | . . . Machines Repaired . | . . . Machines Dismantled . | . . . Machines Sabotaged . | . . . Overloaded Fab Kills . | . . . Hacking | -11 -10 -10 --------- Run | Yrd Mat Sub Machines Accessed 1 | . 1 . Terminals 1 | . 1 . Fabricators . | . . . Repair Stations . | . . . Recycling Units . | . . . Scanalyzers . | . . . Garrison Access . | . . . Total Hacks 5 | . 5 . Successful 4 | . 4 . Failed 1 | . 1 . Catastrophic . | . . . Database Lockouts . | . . . Manual . | . . . Terminals 5 | . 5 . Fabricators . | . . . Repair Stations . | . . . Recycling Units . | . . . Scanalyzers . | . . . Garrison Access . | . . . Terminal Hacks 4 | . 4 . Prototype ID Bank 1 | . 1 . Terminal Index 1 | . 1 . Registered Components 1 | . 1 . Zone Layout 1 | . 1 . Fabricator Hacks . | . . . Repair Station Hacks . | . . . Recycling Unit Hacks . | . . . Scanalyzer . | . . . Garrison Access Hacks . | . . . Unauthorized Hacks . | . . . Terminals . | . . . Fabricators . | . . . Repair Stations . | . . . Recycling Units . | . . . Scanalyzers . | . . . Garrison Access . | . . . Data Cores Recovered . | . . . Used . | . . . Hacking Detections 1 | . 1 . Full Trace Events 1 | . 1 . Feedback Events . | . . . Feedback Blocked . | . . . Robot Schematics Acquired . | . . . Robots Built . | . . . Authchips . | . . . Time . | . . . Total Robot Build Rating . | . . . Part Schematics Acquired . | . . . Parts Built . | . . . Authchips . | . . . Time . | . . . Total Part Build Rating . | . . . Part Studies Acquired . | . . . Parts Repaired . | . . . Time . | . . . Parts Recycled . | . . . Recycled Matter . | . . . Retrieved Matter . | . . . Retrieved Components . | . . . Parts Scanalyzed . | . . . Part Schematics Acquired . | . . . Parts Damaged . | . . . Bothacking | -11 -10 -10 ------------ Run | Yrd Mat Sub Used RIF Installer . | . . . Robots Hacked . | . . . Non-combat . | . . . Combat . | . . . Robot Hacks Applied . | . . . Relay Couplers Released . | . . . Fabnet Peak Effective % . | . . . Robots Rewired . | . . . Allies Hacked . | . . . Hacks Repelled . | . . . Allies | -11 -10 -10 -------- Run | Yrd Mat Sub Total Allies . | . . . Largest Group . | . . . Highest-Rated Group . | . . . Highest-Rated Ally . | . . . Total Orders . | . . . Ally Attacks . | . . . Total Damage . | . . . Kills . | . . . Allies Corrupted . | . . . Allies Melted . | . . . Intel | -11 -10 -10 ------- Run | Yrd Mat Sub Active Infowar (turns) . | . . . Robot Analysis Total . | . . . Derelict Logs Recovered . | . . . Drone Launches . | . . . Drone Recoveries . | . . . Exploration | -11 -10 -10 ------------- Run | Yrd Mat Sub Turns Passed 2457 | 62 1568 827 Spaces Moved 1317 | 59 856 402 Core 45 | 41 . 4 Treads 1272 | 18 856 398 Legs . | . . . Wheels . | . . . Hover . | . . . Flight . | . . . Fastest Speed 50 | 50 160 160 Average Speed 156 | 83 160 160 Slowest Speed 200 | 160 160 200 Overloaded Moves . | . . . Propulsion Burnouts . | . . . Robots Hopped . | . . . Potential Cave-ins . | . . . Cave-ins Triggered . | . . . Exploration Rate (%) 43 | 3 100 26 Regions Visited 2 Branch Regions 1 Pre-discovered Areas . | . . . Known Exits Taken 2 | 1 1 . Unknown Exits Taken . | . . . Scrap Searched . | . . . Spaces Dug 3 | . . 3 Terrain Destroyed 6 | . 3 3 Melee 3 | . . 3 Projectile . | . . . AOE 3 | . 3 . Terrain Rammed . | . . . Walls Destroyed . | . . . Machines Disabled . | . . . Actions | -11 -10 -10 --------- Run | Yrd Mat Sub Total 1535 | 70 989 476 Wait 86 | . 80 6 Move 1315 | 58 855 402 Hop . | . . . Pick Up 15 | 5 9 1 Fast Attach 5 | 4 1 . Attach 6 | 3 2 1 Detach 1 | . 1 . Swap 2 | . . 2 Drop . | . . . Fire 44 | . 40 4 Melee 60 | . . 60 Ram . | . . . Kick . | . . . Crush 1 | . 1 . Escape Stasis . | . . . Rewire . | . . . Trap . | . . . Miscellaneous . | . . . Route ------- -11/Scrapyard -10/Materials (discovered 5 exits: *Mat x3 / *Min / *Sub) -10/Subcaves (discovered 1 exit: *Mat) History --------- Turn | Location | Event 28 | -11/Scrapyard | Identified exit to Materials 28 | -11/Scrapyard | Discovered exit to Materials (range 16) 63 | -11/Scrapyard | Entered Materials 63 | -10/Materials | Evolved 1 slot: Propulsion x1 305 | -10/Materials | Build established: Hacker-Mutant 452 | -10/Materials | Identified exit to Materials 452 | -10/Materials | Discovered exit to Materials (range 10) 663 | -10/Materials | Derelicts attacked the area 758 | -10/Materials | Discovered exit to Materials (range 7) 1153 | -10/Materials | Identified exit to Mines 1153 | -10/Materials | Discovered exit to Mines (range 10) 1305 | -10/Materials | Discovered exit to Materials (range 14) 1621 | -10/Materials | Identified exit to Subcaves 1621 | -10/Materials | Discovered exit to Subcaves (range 7) 1631 | -10/Materials | Entered Subcaves 1633 | -10/Subcaves | Ambushed by Subdwellers from Twisted Machinery 1950 | -10/Subcaves | A swath of the cavern ceiling suddenly collapsed 2328 | -10/Subcaves | Identified exit to Materials 2328 | -10/Subcaves | Discovered exit to Materials (range 7) 2369 | -10/Subcaves | Core integrity fell below 50% 2451 | -10/Subcaves | Core integrity fell below 20% 2458 | -10/Subcaves | Destroyed by 5Q-9BH(R) with Subdweller Beam Cannon Last Messages --------------- 02328_ EXIT=FOUND: MATERIALS 02353_ Lgt. Treads destroyed. 02354_ J2-B6E(R) knocked back. 02377_ Destroyed Sub. Laser. 02377_ TN-D4N(R) system corrupted by crushing effect. 02377_ Lgt. Treads destroyed. 02378_ TN-D4N(R) system terminally corrupted. 02378_ Sub. Optics fried. 02381_ J2-B6E(R) suffers critical hit (Smash). 02381_ Destroyed Sub. Monowheel. 02381_ J2-B6E(R) system corrupted by crushing effect. 02382_ J2-B6E(R) system terminally corrupted. 02443_ Lgt. Treads destroyed. 02443_ 5Q-9BH(R) suffers critical hit (Smash). 02443_ Destroyed Sub. Power Source. 02443_ 5Q-9BH(R) system corrupted by crushing effect. 02443_ 5Q-9BH(R) knocked back. Map ----- +----------------------------------------------------+ | ??????????????????# ?????????????# "" | | ?????????????????## #?????????????#"" | | ?????????????????? ####??????????#" | | ??????????????????? #???????????# | | ????????????????????# ##########??# | | ????????????????????# "## ##&%"#### | | ????????????????????# " " &%&&""## | | ????????????????????????# " && <"### | | ????????????????????????## ## ## "### # | | ??????????????????????#### ######## # ## | | ????????????????????### #??????## ##% | | ????????????????????# #???????## #### | | ????????????????????# ##????????## ### #?# | | ???????????????????## ######??????????###?####?? | | ???????????????????# ##????????????????????????? | | ???????????????????## ##????????????????????????? | | ???????????????????## #####????????????????????? | | ??????????????????## #????????????????????? | | ??????????????????# #????????????????????? | | ??????????????????# ##????????????????????? | | ???????????????##?# #?????????????????????? | | ??????????????## ### # ##?????????????????????? | | ?????????????## # ; #??????????????????????? | | ?????????????# ##?????????????????????? | | ?????????????### ##????????????????????? | | ???????????????#### @R #????????????????????? | | ??????????????????##### #???????????????????? | | ????????????????????### ##??????????????????? | | ???????????????????## ##??????????????#### | | ???????????????????# ##????????????## # | | ??????????????????? ##???????????#" | | ??????????????????# ### %##??????#???#" | | ?????????????????# #### *##????#"##?##" | | ?????????????????##$ #?# ##???#""##?## | | ??????????????????###??# # " %&#?###" #??# | | ???????????????????????## ####"" ### #?## | | ???????????????????????# ???##%u #""" " ###"" | | ???????????????????????# ???### ###"""" " | | ???????????????????????# #??##"" ##?#""" " | | ???????????????????????## ????#"""""##?# "" | | ???????????????????????? ????###" ""### ##" | | ???????????????????????##???????## " """" ##?#" | | ????????????????????????# " ### " #??# | | ????????????????????????? "" " """##### ##### | | ????????????????????????? # "" ######???## ## | | ?????????????????????????? # ??????????# | | ?????????????????????????????## ???????????## | | ?????????????????????????????? ?????????????# # | | ????????????????????????????? ??????????????# # | | ???????????????????????????? ??????????????# | +----------------------------------------------------+ Best States ------------- Heat Dissipation 25 Energy Generation 10 Energy Capacity 125 Matter Stores 300 Matter Capacity 300 Sight Range 16 Terrain Scan Density 10 Resistance: KI 35 Resistance: TH 35 Resistance: EX 35 Resistance: EM 35 Resistance: I 35 Resistance: S 35 Resistance: P 35 Evasion (%) 50 Targeting Accuracy 10 Recoil Reduction 3 Offensive Hacking 20 Item Schematics ----------------- None Robot Schematics ------------------ None Fabricated ------------ Nothing Repaired ---------- Nothing Studied --------- None Alien Tech Used ----------------- None Achievements -------------- None Challenges ------------ None Game ------ Seed ProjectileIonicStripper Manual? 0 Play Time 00:14:12 Cumulative 90.1 hours Start 2025.11.14 @ 10:10:56 End 2025.11.14 @ 10:21:33 Sessions 1 Manual Loads 0 Difficulty Explorer Special Mode None Game No. 98 Rogue 0 Adventurer 0 Explorer 98 Win Type - Total 0 Types 0/0/0/0/0/0/0/0/0/0 Lore% 58 Gallery% 56 Achievement% 44 Wizard Run 0 Options --------- Layout 1 ASCII 0 Keyboard 0 Movement Mouse Keybinds 0 Fullscreen 1 Font 24/Smallcaps Map View 50x35 Zoom Use 0% Tactical HUD 1 Map Filters NONE Filters NONE Steam 1 RUN: b00fb322-6bd4-4722-83d7-9e48760ed620